 Dungeon Crawl Stone Soup version 0.30-a0-1160-g6e42c06551 (webtiles) character file.

Game seed: 42909732949131016

230 lunkers the Gusty (level 6, 0/45 HPs)
             Began as a Meteoran Air Elementalist on Apr 26, 2023.
             Was an Initiate of Vehumet.
             Killed by their own static electricity (2 damage)
             ... on level 4 of the Dungeon.
             The game lasted 00:05:34 (1947 turns).

lunkers the Gusty (Meteoran Air Elementalist)       Turns: 1947, Time: 00:05:34

Health: 0/45       AC:  3    Str: 10    XL:     6   Next: 49%
Magic:  5/13       EV: 12    Int: 19    God:    Vehumet [......]
Gold:   174        SH:  0    Dex: 14    Spells: 3/13 levels left

rFire   . . .        (no weapon)
rCold   . . .        (no shield)
rNeg    . . .        a - +1 robe
rPois   .            (no helmet)
rElec   .            (no cloak)
rCorr   .            (no gloves)
SInv    .            (no boots)
Will    .....        (no amulet)
Stlth   +            (no ring)
HPRegen 0.27/turn    (no ring)
MPRegen 0.13/turn

%: no passive effects
@: glowing
A: sense surroundings 1, otherworldly, glowing, explore regen
a: Renounce Religion


You were on level 4 of the Dungeon.
You worshipped Vehumet.
Vehumet was noncommittal.
You visited 2 branches of the dungeon, and saw 5 of its levels.

You collected 174 gold pieces.

Inventory:

Armour
 a - a +1 robe (worn)
 n - a +0 kite shield
Jewellery
 m - a ring of fire
Wands
 g - a wand of paralysis (1)
Scrolls
 c - 2 scrolls of teleportation
 d - 2 scrolls of immolation
 e - a scroll of identify
Potions
 b - 2 potions of magic
 f - a potion of attraction
 i - a potion of invisibility {unknown}
 k - a potion of brilliance {unknown}
 l - 2 potions of might


   Skills:
 - Level 2.4 Dodging
 - Level 1.4 Stealth
 + Level 4.3 Spellcasting
 + Level 3.5 Conjurations
 * Level 6.1 Air Magic


You had 3 spell levels left.
You knew the following spells:

 Your Spells              Type           Power      Damage    Failure   Level
a - Shock                 Conj/Air       88%        1d8       1%          1
b - Static Discharge      Conj/Air       44%        2-4/arc   2%          2
c - Swiftness             Air            27%        N/A       3%          3
d - Airstrike             Air            13%        2d(2-18)  11%         4

Your spell library contained the following spells:

 Spells                   Type           Power      Damage    Failure   Level
 Summon Lightning Spire   Summ/Air       15%        N/A       36%         4
 Iskenderun's Battlesphe  Conj           17%        2d7       65%         5
 Fireball                 Conj/Fire      5%         3d5       87%         5
 Conjure Ball Lightning   Conj/Air       11%        3x3d6     96%         6
 Orb of Destruction       Conj           8%         9d6       100%        7


Dungeon Overview and Level Annotations

Branches:
Dungeon (4/15) Zot: 582    Temple (1/1) D:4 Zot: 466

Altars:
Ashenzari
Cheibriados
Dithmenos
Elyvilon
Fedhas
Gozag
Hepliaklqana
Kikubaaqudgha
Makhleb
Okawaru
Qazlal
Sif Muna
Trog
Vehumet
Xom
Yredelemnul


Innate Abilities, Weirdness & Mutations

You passively map a small area around you.
You are easily found by Zot.
You glow in the dark.
You regain HP and MP as you explore.


Message History

Press: ? - help, Q - select action, (/) - cycle Shift-Dir - straight line, f/p - adder
Aim: an adder (moderately wounded, 57% to hit)
The zap misses the adder.
The zap hits the orc.
You kill the orc!
Vehumet accepts your kill.
The zap hits the orc priest.
The orc priest is lightly wounded.
The adder bites you but does no damage.
Unknown command.
Aiming: Shock (safe; 1% risk of failure)
Press: ? - help, Q - select action, (/) - cycle Shift-Dir - straight line, f/p - adder
Aim: an adder (moderately wounded, 57% to hit)
The zap misses the adder.
The zap hits the orc priest!
The orc priest is severely wounded.
The adder closely misses you.
Unknown command.
Casting: Shock (safe; 1% risk of failure)
Confirm with . or Enter, or press ? or * to list all spells.
The adder is struck by an arc of lightning.
The adder is severely wounded.
You are struck by an arc of lightning.
* * * LOW HITPOINT WARNING * * *
The adder is struck by an arc of lightning.
You kill the adder!
Vehumet accepts your kill.
You are struck by an arc of lightning.
* * * LOW HITPOINT WARNING * * *
The lightning grounds out.
The orc priest calls down the wrath of Beogh upon you.
Beogh smites you!
* * * LOW HITPOINT WARNING * * *
An orc wizard comes into view. It is wielding a +1 dagger of venom.
The orc wizard shouts!
An orc comes into view. It is wielding a +0 short sword.
Casting: Static Discharge (safe; 2% risk of failure)
Confirm with . or Enter, or press ? or * to list all spells.
The orc wizard is struck by an arc of lightning.
The orc wizard is lightly wounded.
You are struck by an arc of lightning.
You die...

#o... , , , , #.o.# ,
#...##+####.,..
*#...##..... ...
##+##..)##...##......# .
.......o.....##......##.
*.......o................
.......@................
.......)................
...###..##...##.........
. #.†##...##......... ,
....................
,.....................
...................... ,
......................
...##.......##.........


You could see an orc priest, 2 orc wizards and an orc.

Vanquished Creatures
  A phantom (D:4)
  A jelly (D:4)
  2 iguanas
  An adder (D:4)
  A worm (D:2)
  An orc (D:4)
  7 ball pythons
  4 endoplasms
  5 giant cockroaches
  2 goblins
  3 hobgoblins
  11 jackals
  4 quokkas
  3 bats
  A frilled lizard (D:1)
  6 kobolds
  3 rats
56 creatures vanquished.

Notes
Turn   | Place    | Note
-------+----------+-------------------------------------------
     0 | D:1      | lunkers the Meteoran Air Elementalist began the quest for
                  | the Orb.
     0 | D:1      | Reached XP level 1. HP: 14/14 MP: 5/5
    30 | D:1      | Reached XP level 2. HP: 12/20 MP: 1/6
    33 | D:1      | Learned a level 2 spell: Static Discharge
   117 | D:1      | Reached skill level 4 in Air Magic
   405 | D:1      | Reached XP level 3. HP: 21/26 MP: 0/8
   458 | D:1      | Found a faded altar of an unknown god.
   496 | D:1      | Glimpsed the power of Zot.
   958 | D:2      | Reached XP level 4. HP: 33/33 MP: 7/9
  1283 | D:3      | Reached skill level 5 in Air Magic
  1465 | D:3      | Reached XP level 5. HP: 38/38 MP: 6/11
  1560 | D:4      | Found a burning altar of Makhleb.
  1713 | D:4      | Found a staircase to the Ecumenical Temple.
  1715 | D:4      | Noticed a phantom
  1725 | D:4      | Killed a phantom
  1726 | D:4      | Reached skill level 6 in Air Magic
  1726 | D:4      | Reached XP level 6. HP: 18/45 MP: 0/13
  1748 | Temple   | Entered the Ecumenical Temple
  1760 | Temple   | Became a worshipper of Vehumet
  1902 | D:4      | Learned a level 3 spell: Swiftness
  1907 | D:4      | Learned a level 4 spell: Airstrike
  1945 | D:4      | HP: 2/45 [orc priest/divine providence (14)]
  1947 | D:4      | Killed from afar by themself

Illustrated notes

Levels and vault maps discovered:
D:1:      onia_arrival_pyramid, layout_basic,
          shapermc_ecumenical_altar_starsandcircs
D:2:      layout_loops_cross, minmay_fractal_squares_gapless_5
D:3:      layout_basic, chequers_temple_overflow_minitemple,
          nicolae_elevator_lobby_plus
D:4:      layout_gridville, lightli_temple_of_fire,
          minmay_temple_entry_large_hall
Temple:   nicolae_temple_superstar

Skill      XL: |  1  2  3  4  5 |
---------------+----------------+-----
Air Magic      | 4 5 6 |  6.1
Spellcasting   | 3 4 |  4.3
Conjurations   | 2 3 |  3.5
Dodging        | |  2.4
Stealth        | |  1.4

Action                     |  1- 3 |  4- 6 || total
---------------------------+-------+-------++-------
  Melee: Unarmed           |    12 |     4 ||    16
   Cast: Shock             |    53 |    37 ||    90
         Static Discharge  |    10 |    17 ||    27
    Use: Scroll            |       |     9 ||     9
 Armour: Robe              |     6 |     2 ||     8
  Dodge: Dodged            |    23 |    13 ||    36

Table legend: (Time is in decaauts)
 A = Elapsed time spent in this place.
 B = Non-inter-level travel time spent in this place.
 C = Inter-level travel time spent in this place.
 D = Time resting spent in this place.
 E = Time spent auto-exploring this place.
 F = Levels seen in this place.
 G = Mean time per level.
                   A        B        C        D        E       F      G
               +--------+--------+--------+--------+--------+-----+--------+
         Total |   1951 |   1792 |    159 |      0 |   1318 |   5 |  390.2 |
       Dungeon |   1817 |   1664 |    153 |      0 |   1236 |   4 |  454.2 |
        Temple |    133 |    127 |      6 |      0 |     82 |   1 |  133.0 |
               +--------+--------+--------+--------+--------+-----+--------+

Top non-repeatable levels by time:
     D:1: 594 daAuts
     D:3: 479 daAuts
     D:2: 456 daAuts
     D:4: 287 daAuts
  Temple: 133 daAuts
